 Dungeon Crawl Stone Soup version 0.22.1-1-ga44c0e5 (webtiles) character file.

979 Ghost6211 the Vexing (level 7, -1/32 HPs)
             Began as a Spriggan Enchanter on Sept 23, 2018.
             Killed from afar by an orc wizard (7 damage)
             ... with a magic dart
             ... on level 5 of the Dungeon.
             The game lasted 00:18:12 (7161 turns).

Ghost6211 the Vexing (Spriggan Enchanter)           Turns: 7161, Time: 00:18:13

Health: -1/32      AC:  2    Str:  4    XL:     7   Next: 96%
Magic:  1/16       EV: 21    Int: 23    God:
Gold:   242        SH:  0    Dex: 16    Spells: 7/16 levels left

rFire    . . .     SeeInvis +   x - +2 dagger (speed)
rCold    . . .     Gourm    .   (shield restricted)
rNeg     . . .     Faith    .   b - +0 robe
rPois    .         Spirit   .   (helmet restricted)
rElec    .         Reflect  .   (no cloak)
rCorr    .         Harm     .   (gloves unavailable)
MR       +....                  (boots unavailable)
Stlth    ++++......             (no amulet)
HPRegen  0.10/turn              w - +4 ring of intelligence
MPRegen  0.15/turn              (no ring)

@: very quick
A: very small, unfitting armour, see invisible, herbivore, speed 3, slow
metabolism 2
a: no special abilities


You were on level 5 of the Dungeon.
You were not hungry.

You visited 1 branch of the dungeon, and saw 6 of its levels.

You collected 242 gold pieces.

Inventory:

Hand Weapons
 a - a +1 dagger
 x - a +2 dagger of speed (weapon)
Missiles
 e - 155 stones (quivered)
Armour
 b - a +0 robe (worn)
 h - a +0 buckler
Jewellery
 n - an uncursed amulet of faith
 s - an uncursed ring of protection from cold
 w - a +4 ring of intelligence (left hand)
Wands
 y - a wand of iceblast (5)
Scrolls
 c - 4 scrolls of magic mapping {unknown}
 f - 2 scrolls of noise {unknown}
 i - 2 scrolls of remove curse {unknown}
 p - a scroll of amnesia {unknown}
 v - a scroll of enchant armour {unknown}
 z - a scroll of blinking {unknown}
 A - 2 scrolls of enchant weapon {unknown}
 B - a scroll of teleportation {unknown}
Potions
 g - 5 potions of cancellation {unknown}
 j - a potion of resistance {unknown}
 k - a potion of might {unknown}
 l - a potion of flight {unknown}
 m - 2 potions of magic {unknown}
 o - 3 potions of curing {unknown}
 q - 2 potions of heal wounds {unknown}
 r - 2 potions of invisibility {unknown}
 t - a potion of mutation {unknown}
 u - a potion of degeneration {unknown}
 C - a potion of berserk rage {unknown}
Comestibles
 d - 7 rations


   Skills:
 + Level 3.6 Short Blades
 + Level 5.6 Dodging
 + Level 7.4 Stealth
 + Level 5.3 Spellcasting
 * Level 7.6 Hexes


You had 7 spell levels left.
You knew the following spells:

 Your Spells              Type           Power        Failure   Level  Hunger
a - Corona                Hex            #####..      1%          1    None
b - Ensorcelled Hibernat  Hex/Ice        ###...       3%          2    None
c - Confuse               Hex            #####...     1%          3    ##.....
d - Dazzling Spray        Conj/Hex       ###...       6%          3    ##.....

Your spell library contained the following spells:

 Spells                   Type           Power        Failure   Level  Hunger
 Slow                     Hex            #####...     1%          2    None
 Tukima's Dance           Hex            #####...     1%          3    ##.....
 Magic Dart               Conj           #...         9%          1    None
 Blink                    Tloc           N/A          14%         2    None
 Call Imp                 Summ           #.......     14%         2    None
 Conjure Flame            Conj/Fire      #.......     26%         3    ##.....
 Mephitic Cloud           Conj/Pois/Air  #.......     26%         3    ##.....


Dungeon Overview and Level Annotations

Branches:
Dungeon (6/15)
 Temple: D:4-7

Altars:
Cheibriados
Sif Muna
Uskayaw

Shops:
D:4 [   D:5 [

Annotations:
D:5 Ijyb


Innate Abilities, Weirdness & Mutations

You are very small and have problems with some larger weapons.
You are too small for most types of armour.
You have supernaturally acute eyesight. (SInv)
You are a herbivore.
You cover ground extremely quickly.
You need to consume almost no food.


Message History

The orc wizard is lightly wounded.
The orc wizard completely misses you.
You barely miss the orc wizard.
The orc wizard is lightly wounded.
The orc wizard casts a spell at you. You resist with almost no effort.
You hit the orc wizard but do no damage.
The orc wizard is lightly wounded.
The orc wizard looks encouraged for a moment.
The orc wizard casts a spell at you. The magic dart hits you!
* * * LOW HITPOINT WARNING * * *
You hit the orc wizard.
The orc wizard is moderately wounded.
You hit the orc wizard but do no damage.
The orc wizard is moderately wounded.
The orc wizard misses you. The orc wizard casts a spell at you.
The magic dart hits you!
You die...

.g....... .#
..........# .# .# .
..........#.. .###..
..........#.
....................
...................#
...o...............#
...o..........o....#
....#....%# #@#
....#.....######o###
....#......o...oo..#
....#..............#
....#.......o......#
.................>.#
.....................
...................###
...................#


You could see 4 orc wizards.

Vanquished Creatures
  An ogre (D:4)
  2 phantoms (D:4)
  A centaur (D:5)
  A bullfrog (D:6)
  A scorpion (D:4)
  An orc priest (D:4)
  2 orc wizards (D:4)
  An iguana (D:5)
  Natasha (thrice) (D:2)
  3 worker ants (D:4)
  A hound skeleton (D:4)
  8 gnolls (D:4)
  A howler monkey zombie (D:6)
  3 adders
  A shadow imp (D:5)
  An ooze (D:1)
  An adder skeleton (D:4)
  5 worms
  5 dart slugs (D:1)
  2 leopard geckos
  14 orcs
  7 bats
  3 giant cockroaches
  3 hobgoblins
  4 jackals (D:3)
  9 kobolds
  8 quokkas
  5 frilled lizards
  5 goblins
  5 rats
107 creatures vanquished.

Notes
Turn   | Place    | Note
-------+----------+-------------------------------------------
     0 | D:1      | Ghost6211 the Spriggan Enchanter began the quest for the
                  | Orb.
     0 | D:1      | Reached XP level 1. HP: 9/9 MP: 5/5
   290 | D:1      | Reached XP level 2. HP: 13/13 MP: 7/7
   296 | D:1      | Learned a level 2 spell: Ensorcelled Hibernation
   993 | D:2      | Reached skill level 5 in Stealth
   993 | D:2      | Reached XP level 3. HP: 16/16 MP: 8/8
   998 | D:2      | Learned a level 3 spell: Confuse
  1064 | D:2      | Noticed Natasha
  1686 | D:2      | Killed Natasha
  1865 | D:2      | Reached XP level 4. HP: 21/21 MP: 3/10
  1924 | D:2      | Learned a level 3 spell: Dazzling Spray
  1933 | D:2      | Noticed Natasha
  1942 | D:2      | Killed Natasha
  1942 | D:2      | Reached skill level 5 in Hexes
  2076 | D:2      | Noticed Natasha
  2089 | D:2      | Killed Natasha
  2584 | D:2      | Reached XP level 5. HP: 15/24 MP: 2/11
  4270 | D:3      | Found a hide-covered altar of Uskayaw.
  4534 | D:4      | Reached XP level 6. HP: 28/28 MP: 6/13
  4592 | D:4      | Found a snail-covered altar of Cheibriados.
  4654 | D:4      | HP: 1/28 [gnoll/spear (7)]
  4670 | D:4      | Found the +0 pair of fencer's gloves {+Riposte Dex+3}
  5810 | D:4      | Reached XP level 7. HP: 32/32 MP: 4/15
  5953 | D:4      | Found a deep blue altar of Sif Muna.
  6202 | D:4      | Reached skill level 5 in Dodging
  6202 | D:4      | Reached skill level 5 in Spellcasting
  6358 | D:4      | Found Peohipn's Antique Armour Emporium.
  6819 | D:5      | Entered Level 5 of the Dungeon
  6819 | D:5      | Noticed Ijyb
  6881 | D:5      | Found Ruuzown's Antique Armour Emporium.
  6906 | D:5      | You fall through a shaft!
  7161 | D:5      | Killed from afar by an orc wizard

Skill      XL: |  1  2  3  4  5  6  7 |
---------------+----------------------+-----
Spellcasting   | 3 4 5 |  5.3
Hexes          | 4 5 6 7 |  7.6
Stealth        | 5 6 7 |  7.4
Short Blades   | 2 3 |  3.6
Dodging        | 4 5 |  5.6

Action                   |  1- 3 |  4- 6 |  7- 9 || total
-------------------------+-------+-------+-------++-------
Melee: Dagger            |    35 |   189 |    72 ||   296
 Cast: Ensorcelled Hiber |    16 |    72 |    27 ||   115
       Confuse           |       |    13 |     2 ||    15
       Dazzling Spray    |       |     1 |     1 ||     2
  Use: Scroll            |       |     5 |       ||     5
 Stab: Sleeping          |    18 |    54 |    18 ||    90
       Confused          |       |     6 |     3 ||     9
  Eat: Ration            |       |     3 |     1 ||     4
Armor: Robe              |     2 |     6 |     5 ||    13
Dodge: Dodged            |    30 |   115 |    34 ||   179
Block: Buckler           |     3 |    14 |       ||    17
